 Dungeon Crawl Stone Soup version 0.29-a0-284-gf9362112df (webtiles) character file.

Game seed: 2055765672229508028

1997 frimble the Poker (level 9, -2/63 HPs)
             Began as a Djinni Cinder Acolyte on Mar 16, 2022.
             Was a High Priest of Ignis.
             Slain by a wolf (7 damage)
             ... led by Grum
             ... on level 8 of the Dungeon.
             The game lasted 00:09:17 (9656 turns).

frimble the Poker (Djinni Cinder Acolyte)           Turns: 9656, Time: 00:09:18

Health: -2/63      AC:  7    Str: 15    XL:     9   Next: 45%
Gold:   256        EV: 11    Int: 18    God:    Ignis [*****.] SH:  0 Dex:  9

rFire   + + +      SeeInvis .   u - +0 trident
rCold   . . .      Faith    .   (no shield)
rNeg    . . .      Spirit   .   j - +3 leather armour {rC+}
rPois   ∞          Reflect  .   (no helmet)
rElec   .          Harm     .   (no cloak)
rCorr   .          Rampage  .   x - +0 pair of gloves
Will    .....                   (boots unavailable)
Stlth   +.........              (no amulet)
HPRegen 0.20/turn               e - ring of wizardry
MPRegen 0.00/turn               o - +4 ring of slaying

@: on berserk cooldown, flying, slowed, very slow
A: sickness immunity, fire resistance 2, cold vulnerability 1, float, innate
caster, HP casting, extra vitality 1
a: Renounce Religion, Fiery Armour, Foxfire Swarm, Rising Flame


You were on level 8 of the Dungeon.
You worshipped Ignis.
Ignis was extremely pleased with you.
You visited 1 branch of the dungeon, and saw 8 of its levels.

You collected 256 gold pieces.

Inventory:

Hand Weapons
 u - a +0 trident (weapon)
Armour
 j - a +3 leather armour of cold resistance (worn)
 x - a +0 pair of gloves (worn)
 y - a scarf of resistance
Jewellery
 e - a ring of wizardry (left hand)
 o - a +4 ring of slaying (right hand)
 p - a ring of fire
Wands
 h - a wand of polymorph (9)
 n - a wand of mindburst (1)
 w - a wand of iceblast (11)
Scrolls
 m - 3 scrolls of teleportation
 q - a scroll of fear
 r - a scroll of immolation
 z - 2 scrolls of enchant armour
 A - a scroll of identify
Potions
 a - a potion of resistance {unknown}
 b - 2 potions of ambrosia {unknown}
 c - 4 potions of brilliance
 d - a potion of berserk rage
 f - a potion of cancellation {unknown}
 g - 7 potions of curing {unknown}
 i - 3 potions of flight {unknown}
 k - 2 potions of invisibility {unknown}
 l - a potion of haste {unknown}
 s - a potion of lignification {unknown}
 t - 2 potions of attraction {unknown}
 v - 2 potions of might {unknown}
 B - a potion of heal wounds {unknown}


   Skills:
 + Level 4.4 Fighting
 - Level 3.1 Short Blades
 + Level 7.7 Polearms
 + Level 2.2 Dodging
 - Level 5.0 Spellcasting


You had 6 spell levels left.
You knew the following spells:

 Your Spells              Type           Power      Damage    Failure   Level
a - Scorch                Fire           44%        2d7       1%          2
b - Foxfire               Conj/Fire      88%        2x1d8     1%          1
c - Searing Ray           Conj           44%        2d6       1%          2
d - Stone Arrow           Conj/Erth      44%        3d9       2%          3
e - Ice Form              Ice/Tmut       22%        N/A       9%          4
Your spell library was empty.

Dungeon Overview and Level Annotations

Branches:
Dungeon (8/15)             Temple (0/1) D:6
   Lair: D:8-11

Altars:
Nemelex Xobeh

Shops:
D:1 *

Annotations:
D:3 1 runed translucent door, Crazy Yiuf
D:4 1 runed translucent door, sirJeffrey23's ghost, amateur DsMo
D:7 gargs


Innate Abilities, Weirdness & Mutations

You are immune to sickness and miasma.
You are immune to poison.
Your flesh is very heat resistant. (rF++)
You are vulnerable to cold. (rC-)
You float through the air rather than walking.
You learn spells naturally, not from books.
Your magical power is your life essence.
You have superior vitality. (+4 MHP)


Message History

Grum misses you.
You hit the wolf.
You kill the wolf!
Grum hits you with a +1 spear!
* * * LOW HITPOINT WARNING * * *
You see here a wolf corpse.
You puncture Grum!
Grum is moderately wounded.
You hit Grum.
Grum is heavily wounded.
Grum closely misses you.
You puncture Grum!
Grum is severely wounded.
Grum hits you with a +1 spear.
* * * LOW HITPOINT WARNING * * *
You hit Grum.
Grum is almost dead.
You hit Grum.
Grum is almost dead.
Grum hits you with a +1 spear.
* * * LOW HITPOINT WARNING * * *
You impale Grum!!
You kill Grum!
Your Dodging skill increases to level 2!
You barely miss the wolf.
The wolf is heavily wounded.
The wolf bites you but does no damage.
You hit the wolf.
The wolf is severely wounded.
The wolf bites you.
* * * LOW HITPOINT WARNING * * *
You closely miss the wolf.
The wolf is severely wounded.
You are no longer berserk.
You are exhausted.
You feel yourself slow down. The wolf barely misses you.
You miss the wolf.
The wolf is severely wounded.
The wolf bites you but does no damage. The wolf bites you!
You die...

...# #..# .# ...# #
. ...#####.# .##
.......... ..#
....).##.# #.#
......##.# #.#
......##.# #h#
.####.##.# #@# .#
#.##.# #.# .#
#.##.#######.######.
.#
#[)...............[.
##
####.#######.######.
#.# #.# ########.#
#.#
#........#######.#
#.#######........#


You could see a wolf.

Vanquished Creatures
  Sigmund (D:5)
  Grum (D:8)
  Eustachio (D:5)
  Menkaure (D:4)
  An orc warrior (D:6)
  An ice beast (D:6)
  A wolf (D:8)
  2 centaurs
  A kobold brigand (D:6)
  Blork the orc (D:5)
  A bullfrog (D:3)
  A necrophage (D:5)
  3 scorpions
  2 howler monkeys (D:7)
  A hound (D:5)
  An orc priest (D:8)
  3 iguanas (D:5)
  Ijyb (D:3)
  Terence (D:3)
  4 orc wizards
  4 gnolls (D:4)
  4 adders
  A shadow imp (D:6)
  2 white imps
  An ufetubus (D:4)
  A worm (D:2)
  2 dart slugs
  17 orcs
  4 bats
  7 endoplasms
  5 giant cockroaches
  9 hobgoblins
  10 kobolds
  A quokka (D:3)
  7 ball pythons (D:1)
  A frilled lizard (D:2)
  8 goblins
  4 rats
117 creatures vanquished.

Notes
Turn   | Place    | Note
-------+----------+-------------------------------------------
     0 | D:1      | frimble the Djinni Cinder Acolyte began the quest for the
                  | Orb.
     0 | D:1      | Reached XP level 1. HP: 20/20 MP: 0/0
   233 | D:1      | Reached XP level 2. HP: 24/25 MP: 0/0
   966 | D:1      | Found Nocezxix's General Store.
   992 | D:1      | Reached XP level 3. HP: 24/30 MP: 0/0
   992 | D:1      | Learned a level 1 spell: Foxfire
  1215 | D:1      | Found a faded altar of an unknown god.
  1758 | D:2      | Reached XP level 4. HP: 35/37 MP: 0/0
  2279 | D:2      | You are sucked into a shaft and drop 1 floor!
  2750 | D:3      | Reached XP level 5. HP: 28/41 MP: 0/0
  2750 | D:3      | Learned a level 2 spell: Searing Ray
  2757 | D:3      | Reached skill level 1 in Polearms
  2941 | D:3      | Noticed Ijyb
  2968 | D:3      | Killed Ijyb
  3327 | D:3      | Noticed a bullfrog
  3332 | D:3      | Killed a bullfrog
  3333 | D:3      | Reached skill level 2 in Polearms
  3333 | D:3      | Reached XP level 6. HP: 39/47 MP: 0/0
  3510 | D:3      | Noticed Terence
  3520 | D:3      | Killed Terence
  3521 | D:3      | Reached skill level 3 in Polearms
  3915 | D:3      | Found a runed translucent door.
  3916 | D:3      | Noticed Crazy Yiuf
  4084 | D:4      | Found a runed translucent door.
  4173 | D:4      | Noticed sirJeffrey23's ghost (amateur DsMo)
  4430 | D:4      | Noticed Menkaure
  4437 | D:4      | Killed Menkaure
  4438 | D:4      | Reached skill level 4 in Polearms
  4438 | D:4      | Reached XP level 7. HP: 4/51 MP: 0/0
  4438 | D:4      | Learned a level 3 spell: Stone Arrow
  5323 | D:5      | Entered Level 5 of the Dungeon
  5345 | D:5      | Noticed Sigmund
  5410 | D:4      | Reached skill level 5 in Polearms
  5569 | D:5      | Noticed Blork the orc
  6226 | D:5      | Killed Sigmund
  6227 | D:5      | Reached XP level 8. HP: 50/58 MP: 0/0
  6398 | D:5      | Killed Blork the orc
  7229 | D:5      | Noticed Eustachio
  7250 | D:5      | Killed Eustachio
  7251 | D:5      | Reached skill level 6 in Polearms
  7978 | D:6      | Reached skill level 5 in Spellcasting
  8304 | D:6      | Reached XP level 9. HP: 54/62 MP: 0/0
  8304 | D:6      | Learned a level 4 spell: Ice Form
  8680 | D:6      | Reached skill level 7 in Polearms
  8712 | D:6      | Found a staircase to the Ecumenical Temple.
  9301 | D:7      | Found a sparkling altar of Nemelex Xobeh.
  9324 | D:7      | Noticed a gargoyle
  9324 | D:7      | Noticed a gargoyle
  9364 | D:8      | Reached skill level 1 in Dodging
  9636 | D:8      | Noticed Grum
  9652 | D:8      | Killed Grum
  9656 | D:8      | Slain by a wolf

Illustrated notes

Levels and vault maps discovered:
D:1:      onia_arrival_handbag, layout_basic,
          hellmonk_ecumenical_altar_prayer_group, serial_shops,
          nicolae_lakefront_shop
D:2:      layout_basic
D:3:      layout_basic, minmay_misc_feat_ornament, dk_noncrumbling_4,
          chequers_serial_rivers_micro_c, uniq_terence, uniq_crazy_yiuf_cottage,
          uniq_ijyb
D:4:      layout_basic, hellmonk_ghost_happy_afterlife, uniq_menkaure
D:5:      layout_basic, uniq_blork_the_orc, uniq_sigmund, uniq_eustachio
D:6:      layout_basic, minmay_temple_entry_trees, st_stairs_7,
          chequers_serial_rivers_room_a, skrybe_limestone_x
D:7:      cheibrodos_statue_roulette, layout_basic,
          nicolae_sif_muna_little_library, kennysheep_little_box
D:8:      layout_loops_ring, okawaru_trees_1, minivault_19, uniq_grum,
          uniq_prince_ribbit1

Skill      XL: |  1  2  3  4  5  6  7  8  9 |
---------------+----------------------------+-----
Short Blades   | 3 |  3.1
Spellcasting   | 3 4 5 |  5.0
Polearms       | 2 4 5 6 7 |  7.7
Fighting       | 4 |  4.4
Dodging        | 2 |  2.2

Action                   |  1- 3 |  4- 6 |  7- 9 || total
-------------------------+-------+-------+-------++-------
Melee: Short sword       |   113 |    22 |       ||   135
       Punch             |     2 |     1 |     1 ||     4
       Spear             |       |    60 |    25 ||    85
       Trident           |       |       |   134 ||   134
 Cast: Scorch            |     8 |    47 |    46 ||   101
       Searing Ray       |       |     1 |     2 ||     3
       Stone Arrow       |       |       |    11 ||    11
Evoke: Wand              |       |       |     6 ||     6
  Use: Scroll            |     5 |     5 |     3 ||    13
       Potion            |       |       |     1 ||     1
Armor: Robe              |    18 |       |       ||    18
       Leather armour    |    10 |    25 |    63 ||    98
Dodge: Dodged            |    73 |    44 |    79 ||   196

Table legend: (Time is in decaauts)
 A = Elapsed time spent in this place.
 B = Non-inter-level travel time spent in this place.
 C = Inter-level travel time spent in this place.
 D = Time resting spent in this place.
 E = Time spent auto-exploring this place.
 F = Levels seen in this place.
 G = Mean time per level.
                   A        B        C        D        E       F      G
               +--------+--------+--------+--------+--------+-----+--------+
         Total |   9643 |   9185 |    458 |   1220 |   6890 |   8 | 1205.4 |
       Dungeon |   9643 |   9185 |    458 |   1220 |   6890 |   8 | 1205.4 |
               +--------+--------+--------+--------+--------+-----+--------+

Top non-repeatable levels by time:
     D:3: 1866 daAuts
     D:4: 1813 daAuts
     D:1: 1582 daAuts
     D:6: 1546 daAuts
     D:5: 1457 daAuts
     D:2: 888 daAuts
     D:8: 294 daAuts
     D:7: 194 daAuts
